 Dungeon Crawl Stone Soup version 0.23.1-41-g7e51ed3 (console) character file.

Game seed: 16419248114239704806

136 fly the Covered (level 4, -1/35 HPs)
             Began as a Demonspawn Fighter on Mar 30, 2019.
             Slain by a scorpion (5 damage)
             ... on level 3 of the Dungeon.
             The game lasted 00:03:32 (2164 turns).

fly the Covered (Demonspawn Fighter)                Turns: 2164, Time: 00:03:33

Health: -1/35      AC:  6    Str: 17    XL:     4   Next: 98%
Magic:  4/4        EV:  7    Int: 13    God:
Gold:   65         SH:  9    Dex: 13    Spells: 3/3 levels left

rFire    . . .     SeeInvis .   a - +0 long sword
rCold    . . .     Gourm    .   v - +0 shield
rNeg     . . .     Faith    .   y - +0 scale mail
rPois    .         Spirit   .   (no helmet)
rElec    .         Reflect  .   (no cloak)
rCorr    .         Harm     .   (no gloves)
MR       .....                  (no boots)
Stlth    +.........             g - amulet of magic regeneration
HPRegen  0.11/turn              m - +4 ring of intelligence
MPRegen  0.34/turn              (no ring)

@: lethally poisoned (-1 -> -10)
A: nightstalker 1
a: no special abilities


You were on level 3 of the Dungeon.
You were hungry.

You visited 1 branch of the dungeon, and saw 3 of its levels.

You collected 65 gold pieces.

Inventory:

Hand Weapons
 a - a +0 long sword (weapon)
Armour
 v - a +0 shield (worn)
 y - a +0 scale mail (worn)
Jewellery
 g - an amulet of magic regeneration (around neck)
 m - a +4 ring of intelligence (left hand)
Scrolls
 c - 2 scrolls of identify {unknown}
 e - a scroll of fear {unknown}
 h - 2 scrolls of teleportation {unknown}
 i - a scroll of enchant armour {unknown}
 l - a scroll of remove curse {unknown}
Potions
 b - a potion of resistance {unknown}
 d - a potion of might
 j - a potion of heal wounds {unknown}
 k - 2 potions of curing {unknown}
Comestibles
 f - 6 rations


   Skills:
 - Level 3.0 Fighting
 * Level 3.2 Long Blades
 + Level 3.6 Armour
 + Level 3.6 Shields


You had 3 spell levels left.
You didn't know any spells.
Your spell library was empty.

Dungeon Overview and Level Annotations

Branches:
Dungeon (3/15)

Altars:


Innate Abilities, Weirdness & Mutations

You are slightly more attuned to the shadows.


Message History

You closely miss the scorpion.
The scorpion is heavily wounded.
You closely miss the scorpion.
The scorpion is heavily wounded.
You feel sick. The scorpion stings you.
* * * LOW HITPOINT WARNING * * *
You closely miss the scorpion.
The scorpion is heavily wounded.
* * * LOW HITPOINT WARNING * * *
You feel sick. You block the scorpion's attack.
The scorpion stings you but does no damage.
You barely miss the scorpion.
The scorpion is heavily wounded.
* * * LOW HITPOINT WARNING * * *
You feel sick. You block the scorpion's attack.
You barely miss the scorpion.
The scorpion is heavily wounded.
* * * LOW HITPOINT WARNING * * *
You feel sick. The scorpion stings you.
You die...

#..# #..####
#.# ###.....#
#.# #....##.#
#.# #.#####.#
#.# ####.# #.#
#.# ##.##.#
#.# #.#
##.....# #.#
#@###.....##
#.#
#.s........#
#.#
#####.....##
#.#
##....######..
##.#....s....
#.##########
#.# #.# #.


You could see a scorpion.

Vanquished Creatures
  Terence (D:2)
  Robin (D:3)
  2 adders (D:2)
  An ooze (D:1)
  2 worms
  3 dart slugs (D:1)
  A leopard gecko (D:2)
  7 bats
  3 giant cockroaches (D:1)
  15 goblins
  10 hobgoblins
  2 jackals (D:1)
  A ball python (D:2)
  5 frilled lizards
  5 kobolds
  4 rats
63 creatures vanquished.

Notes
Turn   | Place    | Note
-------+----------+-------------------------------------------
     0 | D:1      | fly the Demonspawn Fighter began the quest for the Orb.
     0 | D:1      | Reached XP level 1. HP: 18/18 MP: 1/1
    80 | D:1      | Gained mutation: You are slightly more attuned to the
                  | shadows. [demonic ancestry]
    80 | D:1      | Reached XP level 2. HP: 24/24 MP: 2/2
   305 | D:1      | Reached XP level 3. HP: 16/29 MP: 3/3
  1129 | D:2      | Reached XP level 4. HP: 31/35 MP: 4/4
  1513 | D:2      | Noticed Terence
  1533 | D:2      | Killed Terence
  1898 | D:3      | Noticed Robin
  1917 | D:3      | Killed Robin
  2164 | D:3      | Slain by a scorpion

Skill      XL: |  1  2  3  4 |
---------------+-------------+-----
Long Blades    | 2 3 |  3.2
Armour         | 3 |  3.6
Shields        | 3 |  3.6
Fighting       | |  3.0

Action                   |  1- 3 |  4- 6 || total
-------------------------+-------+-------++-------
Melee: Long sword        |   125 |   103 ||   228
  Eat: Chunk             |     1 |     3 ||     4
Armor: Scale mail        |    59 |    51 ||   110
Dodge: Dodged            |    37 |    31 ||    68
Block: Shield            |    64 |    52 ||   116
       Rpst.: Long sword |    15 |     7 ||    22
